 Dungeon Crawl Stone Soup version 0.26.1-2-gb8aa6d0cf2 (webtiles) character file.

Game seed: 1277953376473414380

2977 sizableburger the Fighter (level 9, -6/96 HPs)
             Began as an Ogre Ice Elementalist on Mar 13, 2021.
             Was a Follower of Kikubaaqudgha.
             Mangled by a hornet (14 damage)
             ... on level 8 of the Dungeon.
             The game lasted 00:34:08 (10756 turns).

sizableburger the Fighter (Ogre Ice Elementalist)  Turns: 10756, Time: 00:34:09

Health: -6/96      AC:  5    Str: 21    XL:     9   Next: 82%
Magic:  21/24      EV: 10    Int: 19    God:    Kikubaaqudgha [*.....]
Gold:   356        SH:  0    Dex:  9    Spells: 2/16 levels left

rFire    . . .     SeeInvis .   i - +2 hand axe of Certain Death {vorpal, Str+7} (curse)
rCold    . . .     Faith    .   (no shield)
rNeg     . . .     Spirit   .   a - +2 robe
rPois    .         Reflect  .   (helmet restricted)
rElec    .         Harm     .   (no cloak)
rCorr    .         Rampage  .   (gloves unavailable)
Will     .....                  (boots unavailable)
Stlth    +.........             (no amulet)
HPRegen  0.26/turn              A - ring of wizardry
MPRegen  0.19/turn              c - ring of magical power

@: lethally poisoned (-6 -> -13), slowed, very slow
A: large, unfitting armour, tough skin 1
a: Renounce Religion, Receive Corpses


You were on level 8 of the Dungeon.
You worshipped Kikubaaqudgha.
Kikubaaqudgha was aware of your devotion.
You visited 2 branches of the dungeon, and saw 9 of its levels.

You collected 356 gold pieces.

Inventory:

Hand Weapons
 i - the cursed +2 hand axe of Certain Death (weapon) {vorpal, Str+7}
   (You found it on level 4 of the Dungeon)

   It inflicts extra damage upon your enemies.
   It affects your strength (+7).
   It has a curse placed upon it.
Missiles
 r - 3 throwing nets
Armour
 a - a +2 robe (worn)
Jewellery
 c - a ring of magical power (right hand)
 A - a ring of wizardry (left hand)
Wands
 y - a wand of digging (2)
 z - a wand of polymorph (9)
Scrolls
 b - a scroll of fog
 d - 2 scrolls of remove curse
 f - 3 scrolls of teleportation
 g - 3 scrolls of immolation
 n - a scroll of enchant weapon
 o - 3 scrolls of identify
 t - 2 scrolls of magic mapping
 u - 2 scrolls of fear {unknown}
Potions
 e - a potion of attraction
 k - 2 potions of mutation
 l - 2 potions of curing
 m - 2 potions of lignification {unknown}
 p - a potion of flight {unknown}
 s - a potion of ambrosia {unknown}
 v - a potion of might {unknown}
 w - 2 potions of haste
 x - 2 potions of magic {unknown}
 B - a potion of brilliance {unknown}


   Skills:
 - Level 8.2 Fighting
 - Level 3.8 Short Blades
 + Level 4.7 Axes
 - Level 1.7 Dodging
 - Level 1.4 Stealth
 - Level 4.0 Spellcasting
 + Level 1.0 Conjurations
 - Level 6.0 Summonings
 - Level 1.2 Necromancy
 - Level 6.0 Ice Magic
 + Level 1.0 Air Magic
 + Level 1.0 Poison Magic


You had 2 spell levels left.
You knew the following spells:

 Your Spells              Type           Power        Failure   Level
a - Freeze                Ice            100%         1%          1
b - Frozen Ramparts       Ice            52%          1%          3
c - Ozocubu's Armour      Ice            26%          1%          3
d - Summon Ice Beast      Ice/Summ       26%          4%          4
e - Mephitic Cloud        Conj/Pois/Air  7%           11%         3

Your spell library contained the following spells:

 Spells                   Type           Power        Failure   Level
 Call Imp                 Summ           26%          1%          2
 Magic Dart               Conj           28%          3%          1
 Pain                     Necr           32%          3%          1
 Sublimation of Blood     Necr           4%           4%          2
 Corpse Rot               Necr/Air       N/A          5%          2
 Blink                    Tloc           N/A          9%          2
 Slow                     Hex            3%           9%          2
 Vampiric Draining        Necr           4%           10%         3
 Conjure Flame            Conj/Fire      5%           13%         3
 Hailstorm                Conj/Ice       17%          13%         4


Dungeon Overview and Level Annotations

Branches:
Dungeon (8/15)             Temple (1/1) D:4
   Lair: D:8-11

Altars:
Dithmenos
Hepliaklqana
Kikubaaqudgha
Ru
The Shining One

Shops:
D:7 *   D:8 (

Portals:
Bailey: D:8


Innate Abilities, Weirdness & Mutations

You are too large for most types of armour.
You have tough skin. (AC +1)


Message History

The hornet stings you.
You are poisoned.
You feel yourself slow down. The hornet stings you!
You feel as though you will be slow longer.
You feel sick. The hornet stings you!
* * * LOW HITPOINT WARNING * * *
You are more poisoned.
You feel as though you will be slow longer.
Casting: Ozocubu's Armour (safe; 1% risk of failure)
Confirm with . or Enter, or press ? or * to list all spells.
Casting: Frozen Ramparts (safe; 1% risk of failure)
Press: ? - help, Dir - look around, f - activate
Okay, then.
You feel better. The hornet stings you!
* * * LOW HITPOINT WARNING * * *
You are poisoned.
You feel as though you will be slow longer.
The hornet barely misses you. The hornet stings you!
You die...
Kikubaaqudgha rasps: "You have failed me!
Welcome... death!"

# #8.### #.
####<...# #
#..#†8.∩.8.##>#
#..).)........#
###.####.8.<.###
............##
####.##....##
#####.##.####
).....(.@#
≈≈≈≈≈≈≈.y#
#####≈.)#
#...#)..#
#.∩..)..#
#...#≈..#
#####≈..# ≈≈.##
....#


You could see a hornet.

Vanquished Creatures
  Pikel (D:6)
  Grinder (D:4)
  2 ice beasts
  An orc warrior (D:2)
  A phantom (D:5)
  4 ogres
  2 centaurs
  A nameless horror (D:5)
  A gnoll sergeant (D:5)
  A scorpion (D:6)
  3 howler monkeys (D:8)
  A jelly (D:5)
  4 orc priests
  5 orc wizards
  A worker ant (D:4)
  15 gnolls
  9 adders
  2 adder skeletons
  4 worms
  3 dart slugs
  3 leopard geckos
  15 orcs
  2 ball pythons
  7 bats
  8 giant cockroaches
  17 goblins
  6 hobgoblins
  6 jackals
  6 quokkas
  5 frilled lizards
  6 kobolds
  9 rats
152 creatures vanquished.

Vanquished Creatures (collateral kills)
  Harold (D:7)
  Prince Ribbit (D:6)
  An ogre (D:5)
  A lemure (D:6)
  An orc priest (D:6)
  A hound skeleton (D:5)
  2 gnolls (D:5)
  2 adders
  A white imp (D:5)
  An ufetubus (D:5)
  A leopard gecko (D:5)
13 creatures vanquished.

Vanquished Creatures (others)
  3 plants (D:8)
3 creatures vanquished.

Grand Total: 168 creatures vanquished

Notes
Turn   | Place    | Note
-------+----------+-------------------------------------------
     0 | D:1      | sizableburger the Ogre Ice Elementalist began the quest for
                  | the Orb.
     0 | D:1      | Reached XP level 1. HP: 16/16 MP: 3/3
   158 | D:1      | Reached skill level 1 in Fighting
   158 | D:1      | Reached XP level 2. HP: 20/27 MP: 1/5
   646 | D:1      | Reached XP level 3. HP: 35/35 MP: 5/7
   650 | D:1      | Learned a level 3 spell: Frozen Ramparts
   654 | D:1      | Learned a level 3 spell: Ozocubu's Armour
   705 | D:1      | Reached skill level 2 in Fighting
  1585 | D:2      | Reached skill level 3 in Fighting
  1585 | D:2      | Reached XP level 4. HP: 45/45 MP: 3/8
  2469 | D:2      | Reached XP level 5. HP: 51/53 MP: 9/9
  3194 | D:3      | Reached skill level 1 in Short Blades
  3274 | D:3      | Noticed an orc warrior
  3415 | D:2      | Killed an orc warrior
  3416 | D:2      | Reached skill level 4 in Fighting
  3416 | D:2      | Reached XP level 6. HP: 48/63 MP: 1/11
  3702 | D:3      | Learned a level 4 spell: Summon Ice Beast
  4184 | D:4      | Reached skill level 5 in Ice Magic
  4229 | D:4      | Noticed Grinder
  4423 | D:3      | Reached skill level 1 in Summonings
  4559 | D:4      | Reached skill level 5 in Fighting
  4559 | D:4      | Reached XP level 7. HP: 63/72 MP: 5/13
  4602 | D:4      | Found a staircase to the Ecumenical Temple.
  4781 | Temple   | Entered the Ecumenical Temple
  4818 | Temple   | Became a worshipper of Kikubaaqudgha
  5043 | D:5      | Entered Level 5 of the Dungeon
  5722 | D:5      | Reached skill level 6 in Fighting
  5725 | D:5      | Reached skill level 1 in Necromancy
  6027 | D:4      | Reached XP level 8. HP: 75/83 MP: 14/14
  6760 | D:4      | Paralysed by Grinder for 6 turns
  6761 | D:4      | Killed Grinder
  7003 | D:4      | Got an ancient hand axe
  7004 | D:4      | Identified the cursed +2 hand axe of Certain Death {vorpal,
                  | Str+7} (You found it on level 4 of the Dungeon)
  7515 | D:5      | Reached skill level 7 in Fighting
  7515 | D:5      | Reached skill level 1 in Axes
  8036 | D:5      | Found a sacrificial altar of Ru.
  8534 | D:5      | Found a hazy altar of Hepliaklqana.
  8865 | D:6      | Noticed Pikel
  8882 | D:6      | Killed Pikel
  8883 | D:6      | Reached XP level 9. HP: 96/96 MP: 4/15
  9059 | D:6      | Found a shadowy altar of Dithmenos.
  9077 | D:6      | Reached skill level 8 in Fighting
  9128 | D:6      | Noticed Prince Ribbit
  9136 | D:6      | Killed Prince Ribbit
  9489 | D:6      | Learned a level 3 spell: Mephitic Cloud
  9926 | D:7      | Reached * piety under Kikubaaqudgha
  9926 | D:7      | Identified Kikubaaqudgha's Volume of Black Rites
                  | (Kikubaaqudgha gifted it to you on level 7 of the Dungeon)
  9926 | D:7      | Received a gift from Kikubaaqudgha
 10175 | D:7      | Noticed Harold
 10187 | D:7      | Killed Harold
 10188 | D:7      | Reached skill level 5 in Summonings
 10468 | D:7      | Found Akoff's General Store.
 10627 | D:8      | Found Ucreaci's Antique Weapon Boutique.
 10677 | D:8      | Reached skill level 1 in Conjurations
 10677 | D:8      | Reached skill level 1 in Air Magic
 10677 | D:8      | Reached skill level 1 in Poison Magic
 10740 | D:8      | Noticed a hornet
 10741 | D:8      | Found a flagged portal.
 10743 | D:8      | Paralysed by a hornet for 1 turns
 10749 | D:8      | Paralysed by a hornet for 2 turns
 10756 | D:8      | Mangled by a hornet

Illustrated notes

Levels and vault maps discovered:
D:1:      dpeg_arrival_yet_another_circle, layout_basic
D:2:      layout_loops_ring
D:3:      layout_rooms, serial_glass, glass_columns_a, glass_columns_c
D:4:      layout_loops_cross, temple_hall, uniq_grinder
D:5:      layout_loops_ring, nzn_hepliaklqana_mist_gate,
          lemuel_coloured_pillars_altar
D:6:      layout_basic, nicolae_dithmenos_shadow_blocks, uniq_prince_ribbit1,
          uniq_pikel
D:7:      layout_rooms, serial_shops, kennysheep_mini_moat,
          hangedman_abyss_or_decor_stabs, grunt_ministairs_4, uniq_harold
D:8:      layout_loops_ring, fedhas_altar_1, minitemple,
          minmay_lair_entry_grove, enter_bailey_3, serial_shops,
          nicolae_shop_overgrown_old_shop, shop_fountains,
          nicolae_shop_statue_plus, uniq_joseph
Temple:   grunt_temple_mini_profane

Skill      XL: |  1  2  3  4  5  6  7  8  9 |
---------------+----------------------------+-----
Fighting       | 1 3 4 5 6 7 8 |  8.2
Spellcasting   | 3 4 |  4.0
Ice Magic      | 4 5 6 |  6.0
Short Blades   | 1 2 3 |  3.8
Summonings     | 1 2 4 6 |  6.0
Necromancy     | 1 |  1.2
Axes           | 2 4 |  4.7
Conjurations   | 1 |  1.0
Air Magic      | 1 |  1.0
Poison Magic   | 1 |  1.0
Dodging        | |  1.7
Stealth        | |  1.4

Action                   |  1- 3 |  4- 6 |  7- 9 || total
-------------------------+-------+-------+-------++-------
Melee: Unarmed           |    20 |       |       ||    20
       Dagger            |    18 |    78 |   118 ||   214
       Hand axe          |       |       |    81 ||    81
Throw: Throwing net      |       |       |     1 ||     1
 Cast: Freeze            |    41 |    21 |    14 ||    76
       Frozen Ramparts   |     3 |    20 |    37 ||    60
       Ozocubu's Armour  |       |    10 |    31 ||    41
       Summon Ice Beast  |       |       |    29 ||    29
  Use: Potion            |       |     2 |     7 ||     9
       Scroll            |       |    13 |    10 ||    23
 Stab: Sleeping          |     1 |     3 |     1 ||     5
Armor: Robe              |    23 |    27 |    98 ||   148
Dodge: Dodged            |    33 |    76 |   131 ||   240
